Map: [TLMC19] El Dorado

Players

DKZherO (herO) - Winner!

  • Race: Protoss Protoss
  • League: Master
  • Spawn Location: 7:00

ByuN

  • Race: Terran Terran
  • Spawn Location: 5:00

VOD

Have the link to the VOD?

Description

Time

  • Played on: Dec. 23, 2023, 12:05 p.m.
  • Length: 8:06
Show
View Real Time Build Order
Export as new Build Order

DKZherO Protoss - Winner!

Build Orders: 1 Gate Expand, Zealot Archon 

Get SALT Encoding   

  12  0:00  Probe  
  13  0:12  Probe  
  14  0:18  Pylon  
  14  0:24  Probe (Chrono Boost)  
  15  0:38  Gateway, Probe (Chrono Boost)  
  16  0:44  Probe (Chrono Boost)  
  16  0:47  Assimilator  
  17  0:52  Probe  
  18  1:04  Probe  
  20  1:29  Cybernetics Core  
  20  1:31  Nexus  
  19  1:37  Zealot  
  21  1:44  Pylon  
  21  1:47  Probe  
  21  1:53  Assimilator  
  22  2:00  Probe  
  23  2:02  Stalker (Chrono Boost)  
  25  2:10  Warp Gate  
  25  2:20  Probe  
  25  2:25  Stalker  
  27  2:32  Probe  
  28  2:43  Probe  
  29  2:44  Probe  
  30  2:52  Robotics Facility  
  30  2:56  Probe  
  30  2:57  Probe (Chrono Boost)  
  32  3:02  Stalker  
  34  3:10  Probe x2 (Chrono Boost)  
  36  3:19  Probe x2 (Chrono Boost)  
  38  3:25  Gateway  
  38  3:26  Probe  
  38  3:27  Probe  
  40  3:38  Probe  
  40  3:39  Probe  
  40  3:41  Pylon  
  43  3:43  Observer (Chrono Boost)  
  43  3:50  Probe  
  43  3:51  Assimilator, Probe  
  43  3:53  Assimilator  
  43  3:54  Observer  
  46  4:01  Pylon  
  46  4:03  Stalker  
  46  4:05  Pylon  
  46  4:06  Probe  
  46  4:07  Probe  
  50  4:18  Probe  
  50  4:19  Probe  
  50  4:21  Stalker  
  54  4:30  Warp Prism (Chrono Boost)  
  50  4:32  Probe x2  
  54  4:40  Twilight Council  
  54  4:45  Stalker x2  
  58  4:52  Probe x2  
  58  5:04  Probe x2  
  61  5:07  Pylon  
  61  5:08  Observer  
  60  5:16  Probe x2  
  60  5:19  Gateway x3  
  60  5:20  Charge (Chrono Boost)  
  62  5:30  Templar Archives  
  62  5:36  Immortal  
  67  5:52  Psionic Storm  
  67  5:55  Gateway, Pylon  
  65  5:57  Zealot, Sentry  
  65  6:00  Pylon  
  69  6:14  Gateway  
  69  6:16  High Templar  
  69  6:17  Zealot x2  
  75  6:31  Gateway, High Templar, Zealot  
  75  6:32  Pylon  
  77  6:50  Zealot x2, High Templar  
  77  6:51  Zealot  
  85  6:56  Zealot  
  85  7:00  Immortal (Chrono Boost)  
  87  7:05  Pylon  
  91  7:19  Zealot x6  
  101  7:35  Observer  
  101  7:36  Archon  
  92  7:41  Zealot x4  
  92  7:42  Zealot x3  
  92  7:43  Zealot  
Show
View Real Time Build Order
Export as new Build Order

ByuN Terran 

Build Orders:  

Get SALT Encoding   

  12  0:00  SCV  
  13  0:12  SCV  
  14  0:18  Supply Depot  
  14  0:24  SCV  
  15  0:40  SCV  
  15  0:41  Barracks  
  16  0:46  Refinery  
  16  0:52  SCV  
  17  0:57  Refinery  
  17  1:04  SCV  
  18  1:16  SCV  
  19  1:28  Orbital Command, Reaper  
  20  1:43  Factory  
  21  1:54  SCV  
  21  1:58  Supply Depot  
  21  2:00  Reaper  
  22  2:06  SCV  
  23  2:20  SCV  
  24  2:26  Factory Reactor  
  24  2:31  Command Center  
  24  2:33  SCV  
  25  2:41  Starport  
  25  2:46  SCV  
  26  2:51  Supply Depot  
  26  2:58  SCV  
  27  3:04  Widow Mine x2  
  31  3:13  SCV  
  31  3:18  Medivac  
  34  3:21  Barracks  
  34  3:25  SCV  
  35  3:32  Widow Mine x2  
  39  3:43  Orbital Command, SCV  
  40  3:53  Starport Tech Lab  
  40  3:55  SCV  
  41  4:01  Marine x2, Factory Tech Lab  
  43  4:07  SCV  
  43  4:08  Supply Depot  
  44  4:13  Barracks  
  44  4:14  SCV  
  45  4:19  SCV  
  44  4:26  SCV  
  44  4:30  Marine  
  44  4:31  SCV, Siege Tank  
  44  4:32  Marine  
  44  4:33  Stimpack  
  49  4:38  SCV  
  49  4:39  Marine  
  49  4:43  SCV  
  49  4:45  Starport Reactor  
  52  4:46  Supply Depot  
  52  4:50  SCV  
  53  4:55  SCV  
  53  4:56  Engineering Bay  
  53  4:57  Marauder  
  54  5:02  Marine x2  
  54  5:03  SCV  
  57  5:08  SCV  
  57  5:11  Combat Shield  
  60  5:15  SCV  
  60  5:16  Supply Depot, Refinery  
  60  5:19  Marauder  
  60  5:20  SCV, Marauder  
  60  5:21  Marine, Factory Tech Lab  
  64  5:22  Marine  
  64  5:26  Terran Infantry Weapons Level 1  
  64  5:27  SCV  
  67  5:32  Medivac  
  67  5:35  Refinery  
  69  5:36  SCV  
  69  5:39  SCV  
  67  5:42  Medivac  
  67  5:46  Marine x2, Marauder  
  67  5:48  Marauder  
  73  5:50  Bunker  
  73  5:54  SCV  
  73  5:55  SCV  
  75  6:02  Supply Depot, Siege Tank  
  78  6:09  Supply Depot  
  78  6:23  SCV x2, Marine x2  
  78  6:24  Marauder x2  
  86  6:27  Concussive Shells  
  86  6:35  Command Center  
  85  6:47  Marine, Marauder x2  
  85  6:52  Siege Tank, Medivac  
  85  6:53  Medivac  
  89  6:58  Marine  
  90  7:02  SCV  
  90  7:03  Barracks  
  90  7:04  SCV, Barracks  
  92  7:13  Marauder  
  94  7:20  Supply Depot  
  94  7:25  Marine x2  
  94  7:26  Missile Turret, Marauder  
  94  7:29  Viking  
  100  7:36  SCV  
  95  7:37  SCV  
  95  7:41  Marauder  
  95  7:44  Marine  
  86  7:48  SCV  
  86  7:49  SCV  
Tags
 
Composition
Zealot Archon
League
Master
Matchup
PvT
Player
ByuNherO
Replay Pack
December 2023
Spawn Locations
Close Positions
Add a new tag
Caveats
  • Supply blocks, unpowered buildings, or Contaminate may cause inaccurate times.
  • Supply counts are checked every 10 seconds.